 Dungeon Crawl Stone Soup version 0.31-a0-162-gc4c5a43528 (webtiles) character file.

Game seed: 10620651769324499677

84 qw the Shooter (level 4, -4/28 HPs)
             Began as a Gargoyle Hunter on June 12, 2023.
             Slain by an orc priest
             ... wielding a +0 flail
              (6 damage)
             ... on level 3 of the Dungeon.
             The game lasted 00:00:30 (1349 turns).

qw the Shooter (Gargoyle Hunter)                    Turns: 1349, Time: 00:00:30

Health: -4/28      AC:  6    Str: 14    XL:     4   Next: 45%
Magic:  4/4        EV: 11    Int: 10    God:
Gold:   162        SH:  0    Dex: 15    Spells: 3/3 levels left

rFire   . . .        Y - +0 shortbow
rCold   . . .        (shield currently unavailable)
rNeg    + . .        c - +0 leather armour
rPois   inf          (no helmet)
rElec   +            (no cloak)
rCorr   .            (no gloves)
SInv    +            (no boots)
Will    .....        (no amulet)
Stlth   ++           f - ring of see invisible
HPRegen 0.24/turn    (no ring)
MPRegen 0.09/turn

%: no passive effects
@: about to teleport
A: sickness immunity, AC +3, negative energy resistance 1, electricity
resistance, torment resistance 1, petrification resistance
a: no special abilities


You were on level 3 of the Dungeon.
You visited 1 branch of the dungeon, and saw 3 of its levels.

You collected 162 gold pieces.


Innate Abilities, Weirdness & Mutations

You are immune to sickness and miasma.
Your stone body is resilient. (AC +3)
You are immune to poison.
You resist negative energy. (rN+)
You are resistant to electric shocks. (rElec)
You are resistant to unholy torment.
You are immune to petrification.


   Skills:
 - Level 3.0 Fighting
 + Level 5.4 Ranged Weapons
 - Level 1.5 Dodging
 - Level 1.1 Stealth


You had 3 spell levels left.
You didn't know any spells.
Your spell library was empty.

Inventory:

Hand Weapons
 Y - a +0 shortbow (weapon)
Armour
 c - a +0 leather armour (worn)
Jewellery
 f - a ring of see invisible (left hand)
Scrolls
 a - a scroll of immolation {unknown}
 b - a scroll of identify
 e - a scroll of teleportation
Potions
 d - 2 potions of might
 g - a potion of magic {unknown}
 h - a potion of heal wounds
 i - a potion of mutation {unknown}

Dungeon Overview and Level Annotations

Branches:
Dungeon (3/15)

Altars:
Qazlal

Shops:
D:1 (


Message History

The arrow closely misses the orc priest.
The arrow barely misses the orc priest.
An orc comes into view. It is wielding a +2 mace of draining.
You shoot an arrow. The arrow hits the orc priest.
The orc priest is moderately wounded.
You shoot an arrow. The arrow barely misses the orc priest.
The arrow hits the orc priest but does no damage.
You shoot an arrow. The arrow hits the orc priest!
The orc priest is almost dead.
The orc priest hits you with a +0 flail.
You shoot an arrow.
The arrow closely misses the orc priest.
The arrow hits the orc priest!
The orc priest is heavily wounded.
The orc priest calls upon Beogh to heal the orc priest.
The orc priest is healed somewhat.
The orc priest mumbles some strange prayers to Beogh against you.
Beogh smites you!
Ouch! That really hurt!
The orc priest looks satisfied for a moment.
You shoot an arrow. The arrow hits the orc priest!
You kill the orc priest!
The orc priest looks braver for a moment.
You have reached level 4!
You feel clever.
You shoot an arrow.
The arrow closely misses the orc priest.
The arrow barely misses the orc.
You shoot an arrow. The arrow hits the orc priest.
The orc priest is heavily wounded.
The orc priest closely misses you.
You shoot an arrow.
The arrow hits the orc priest but does no damage.
The orc priest is heavily wounded.
The orc priest mumbles some strange prayers to Beogh against you.
Beogh smites you!
1349 ||| READING 2 scrolls of teleportation.
As you read the scroll of teleportation, it crumbles to dust.
You feel strangely unstable.
The orc priest hits you with a +0 flail.
You die...

#.# ..$ #.# #.#
#.# #.# #.# #)#
#.# #.# #.# #o#
#.# #o# #.# #@#
#.# #.# #.# #.#
#.#
#.###########.#
#.............#
#.#############
###


You could see an orc priest and an orc.

Vanquished Creatures
  An orc priest (D:3)
  An adder (D:2)
  2 dart slugs
  An orc (D:3)
  6 endoplasms
  A giant cockroach (D:2)
  2 goblins
  4 hobgoblins
  2 jackals (D:1)
  5 kobolds (D:1)
  4 quokkas
  3 ball pythons
  4 bats
  A frilled lizard (D:1)
  A rat (D:2)
38 creatures vanquished.

Notes
Turn   | Place    | Note
-------+----------+-------------------------------------------
     0 | D:1      | qw the Gargoyle Hunter began the quest for the Orb.
     0 | D:1      | Reached XP level 1. HP: 12/12 MP: 1/1
     0 | D:1      | 0 ||| qw: Version: 0.2-a-29-gc1b59c4
     0 | D:1      | 0 ||| qw: Game counter: 4368
     0 | D:1      | 0 ||| qw: Always use a shield: true
     0 | D:1      | 0 ||| qw: God list: Okawaru
     0 | D:1      | 0 ||| qw: Allow faded altars: false
     0 | D:1      | 0 ||| qw: Do Orc after D:15 true
     0 | D:1      | 0 ||| qw: Do second Lair branch before Depths: true
     0 | D:1      | 0 ||| qw: Lair rune preference: random
     0 | D:1      | 0 ||| qw: Plans: Normal, Zot:1-4, Slime:5, God:TSO, Crypt,
                  | Tomb, Abyss, Pan, Hells, Win
     0 | D:1      | 0 ||| PLANNING D:1-11
   122 | D:1      | Reached XP level 2. HP: 17/17 MP: 2/2
   144 | D:1      | Found Cerupp's Weapon Shop.
   157 | D:1      | 157 ||| SHOPLISTING +1 orcbow of Scorn {freeze, rPois
                  | Dex+3} (316 gold, have 51).
   157 | D:1      | 157 ||| SHOPLISTING +3 longbow "Pyopn" {drain, Will- Dex+5
                  | SInv} (486 gold, have 51).
   636 | D:1      | 636 ||| READING scroll labelled ICZUNO FOURAT.
   639 | D:1      | 639 ||| READING scroll labelled TOHITH HUTU.
   640 | D:1      | 640 ||| READING scroll labelled SONUKHL OWEIH.
   641 | D:1      | 641 ||| DRINKING 2 sedimented dark potions.
   642 | D:1      | 642 ||| DROPPING scroll of butterflies.
   684 | D:2      | Reached XP level 3. HP: 21/21 MP: 3/3
   710 | D:2      | Reached skill level 5 in Ranged Weapons
  1045 | D:2      | 1045 ||| UPGRADING to ring of see invisible.
  1046 | D:2      | 1046 ||| READING scroll labelled YTIUGEULAX.
  1047 | D:2      | 1047 ||| READING scroll labelled CESMOACVAG.
  1148 | D:2      | 1148 ||| READING 2 scrolls of identify.
  1148 | D:2      | 1148 ||| IDENTIFYING amethyst potion
  1175 | D:3      | Found a stormy altar of Qazlal.
  1264 | D:3      | Reached skill level 3 in Fighting
  1346 | D:3      | Reached XP level 4. HP: 14/28 MP: 4/4
  1348 | D:3      | HP: 1/28 [orc priest/divine providence (13)]
  1349 | D:3      | 1349 ||| READING 2 scrolls of teleportation.
  1349 | D:3      | Slain by an orc priest

Levels and vault maps discovered:
D:1:      dpeg_arrival_erosion, layout_loops_ring, serial_shops, shop
D:2:      layout_rooms
D:3:      layout_basic, old_standard_altar

Skill      XL: |  1  2  3 |
---------------+----------+-----
Ranged Weapons | 5 |  5.4
Fighting       | 3 |  3.0
Dodging        | |  1.5
Stealth        | |  1.1

Action                     |  1- 3 |  4- 6 || total
---------------------------+-------+-------++-------
   Fire: Shortbow          |   108 |     3 ||   111
    Use: Scroll            |     6 |     1 ||     7
         Potion            |     1 |       ||     1
 Armour: Leather armour    |     8 |       ||     8
  Dodge: Dodged            |    30 |     1 ||    31

Table legend:
 A = Non-vault XP
 B = Vault XP
 C = Vault XP percentage of total XP
 D = Non-vault monster count
 E = Vault monster count
 F = Vault count percentage of total count
                 A         B        C        D         E       F
            +---------+---------+-------+---------+---------+-------
      Total |     120 |       0 |   0.0 |      38 |       0 |   0.0
            +---------+---------+-------+---------+---------+-------
        D:1 |      29 |       0 |   0.0 |      17 |       0 |   0.0
        D:2 |      38 |       0 |   0.0 |      14 |       0 |   0.0
        D:3 |      53 |       0 |   0.0 |       7 |       0 |   0.0
            +---------+---------+-------+---------+---------+-------
